 Dungeon Crawl Stone Soup version 0.31.0-32-g396128a36d (webtiles) character file.

Game seed: 11331571980177236843

37 BuckRogers the Caller (level 3, -1/19 HPs)
             Began as a Deep Elf Summoner on Apr 2, 2024.
             Was an Initiate of Yredelemnul.
             Succumbed to an adder's poison
             ... on level 2 of the Dungeon.
             The game lasted 00:40:23 (1148 turns).

BuckRogers the Caller (Deep Elf Summoner)           Turns: 1148, Time: 00:40:25

Health: -1/19      AC:  2    Str:  5    XL:     3   Next: 23%
Magic:  9/9        EV: 13    Int: 21    God:    Yredelemnul [......]
Gold:   71         SH:  0    Dex: 15    Spells: 7/8 levels left

rFire   . . .        o - +0 sling
rCold   . . .        (no shield)
rNeg    . . .        a - +0 robe
rPois   .            (no helmet)
rElec   .            h - scarf {repulsion}
rCorr   .            (no gloves)
SInv    .            (no boots)
Will    .....        (no amulet)
Stlth   ++           (no ring)
HPRegen 0.23/turn    (no ring)
MPRegen 0.11/turn

%: repel missiles
@: brilliant, lethally poisoned (-1 -> -7)
A: no striking features
a: Renounce Religion, Recall Undead Harvest


You were on level 2 of the Dungeon.
You worshipped Yredelemnul.
Yredelemnul was noncommittal.
You visited 1 branch of the dungeon, and saw 2 of its levels.

You collected 71 gold pieces.

Inventory:

Hand Weapons
 c - a +0 club
 e - a +0 club
 f - a +0 dagger
 i - a +0 dagger
 k - a +0 dagger
 l - a +0 whip
 o - a +0 sling (weapon)
 s - a +0 short sword
 t - a +0 dagger
Missiles
 g - 12 stones
Armour
 a - a +0 robe (worn)
 h - a scarf of repulsion (worn)
 m - a +0 robe
Scrolls
 j - 3 scrolls of teleportation
 q - a scroll of blinking {unknown}
 r - a scroll of acquirement {unknown}
Potions
 b - a potion of magic
 d - 2 potions of brilliance
 n - a potion of lignification {unknown}
 p - a potion of heal wounds {unknown}


   Skills:
 + Level 2.8 Dodging
 + Level 2.4 Stealth
 + Level 3.4 Spellcasting
 + Level 5.2 Summonings


You had 7 spell levels left.
You knew the following spells:

 Your Spells              Type           Power      Damage    Failure   Level
a - Summon Small Mammal   Summ           100%       N/A       1%          1

Your spell library contained the following spells:

 Spells                   Type           Power      Damage    Failure   Level
 Call Imp                 Summ           76%        N/A       2%          2
 Call Canine Familiar     Summ           38%        N/A       4%          3
 Apportation              Tloc           10%        N/A       13%         1
 Sandblast                Erth           10%        2d5       13%         1
 Passwall                 Erth           5%         N/A       36%         3
 Stone Arrow              Conj/Erth      10%        3d7       36%         3
 Summon Blazeheart Golem  Fire/Summ      21%        N/A       41%         4
 Summon Lightning Spire   Summ/Air       21%        N/A       41%         4
 Brom's Barrelling Bould  Conj/Erth      5%         2d3       77%         4


Dungeon Overview and Level Annotations

Branches:
Dungeon (2/15)

Altars:
Yredelemnul


Message History

Casting: Summon Small Mammal (safe; 1% risk of failure)
Confirm with . or Enter, or press ? or * to list all spells.
You swap places.
The adder bites you but does no damage.
Your quokka bites the adder.
The adder attacks as it pursues you! The adder bites you.
You are poisoned.
The adder poisons you!
Your quokka barely misses the adder.
You feel sick. The adder bites you.
You feel sick.
Your quokka closely misses the adder.
You feel sick.
You feel sick. The adder misses you.
You feel sick.
You feel sick.
You are no longer poisoned.
The adder attacks as it pursues you! The adder bites you.
The adder attacks as it pursues you! The adder closely misses you.
The adder bites you.
Your quokka bites the adder.
The adder attacks as it pursues you! The adder closely misses you.
The adder bites you but does no damage.
Your quokka bites the adder.
The adder misses you. The adder attacks as it pursues you!
The adder misses you. The adder attacks as it pursues you! The adder bites you.
* * * LOW HITPOINT WARNING * * *
The adder bites you but does no damage.
Your quokka closely misses the adder.
The adder attacks as it pursues you! The adder misses you. The adder bites you.
* * * LOW HITPOINT WARNING * * *
Your quokka closely misses the adder.
The adder attacks as it pursues you! The adder bites you.
* * * LOW HITPOINT WARNING * * *
You are lethally poisoned!
The adder poisons you!
Okay, then.
It was a potion of brilliance.
You feel clever all of a sudden.
You die...
Your body rises from the dead as a mindless zombie.

#........##.....# #.#
###'#######.....# #.# #Z#
#.....########.# #Z#
#..............# #Z#
#.....#######... #.#######.#####
#... #.Z.ZZ..#.# #... #######.#.#
#... #@#.# #... .# #S#.# #... .#
#.#.# #... .# #r#.# #... .# #.#Z#
#### .# #.#Z# .#
#.#.##############
.###############.#...............
.................################


You could see an adder (ally target) and a friendly quokka (summoned).

Vanquished Creatures
  2 kobolds (D:2)
2 creatures vanquished.

Vanquished Creatures (collateral kills)
  4 dart slugs (D:2)
  An endoplasm (D:2)
  6 goblins
  4 hobgoblins (D:2)
  4 jackals (D:2)
  A ball python (D:2)
  2 bats
  A frilled lizard (D:2)
  A rat (D:2)
24 creatures vanquished.

Vanquished Creatures (others)
  An adder zombie (D:2)
  2 bat zombies (D:2)
  A ball python zombie (D:2)
  A giant cockroach zombie (D:2)
  A goblin zombie (D:2)
  3 hobgoblin zombies (D:2)
9 creatures vanquished.

Grand Total: 35 creatures vanquished

Notes
Turn   | Place    | Note
-------+----------+-------------------------------------------
     0 | D:1      | BuckRogers the Deep Elf Summoner began the quest for the
                  | Orb.
     0 | D:1      | Reached XP level 1. HP: 10/10 MP: 6/6
   200 | D:2      | Reached XP level 2. HP: 15/15 MP: 8/8
   299 | D:2      | Found a faded altar of an unknown god.
   325 | D:2      | Reached skill level 5 in Summonings
   333 | D:2      | Got Plato's Encyclopedia of the Blink Frog
   336 | D:2      | Prayed at the altar of an unknown god.
   336 | D:2      | Became a worshipper of Yredelemnul the Dark
   336 | D:2      | Reached * piety under Yredelemnul
   516 | D:2      | Reached XP level 3. HP: 17/19 MP: 9/9
  1148 | D:2      | Succumbed to an adder's poison

Illustrated notes

Levels and vault maps discovered:
D:1:      spicycebolla_arrival_xxxplode, layout_loops_ring
D:2:      layout_basic, shapermc_ecumenical_altar_rom_forum

Skill      XL: |  1  2 |
---------------+-------+-----
Summonings     | 5 |  5.2
Dodging        | |  2.8
Stealth        | |  2.4
Spellcasting   | |  3.4

Action                     || total
---------------------------++-------
  Melee: Club              ||     3
         Dagger            ||     7
   Fire: Sling             ||     3
   Cast: Summon Small Mamm ||    15
    Use: Scroll            ||     1
         Potion            ||     1
 Armour: Robe              ||    21
  Dodge: Dodged            ||    22
         Repelled          ||     2
